 Dungeon Crawl Stone Soup version 0.26-a0-639-g72c4674329 (webtiles) character file.

Game seed: 17056625255755590970

178 DogServant the Grave Robber (level 5, -3/37 HPs)
             Began as a Vampire Necromancer on Sept 19, 2020.
             Killed by divine providence
             ... invoked by an orc priest
              (13 damage)
             ... on level 3 of the Dungeon.
             The game lasted 00:08:16 (2310 turns).

DogServant the Grave Robber (Vampire Necromancer)   Turns: 2310, Time: 00:08:17

Health: -3/37      AC:  3    Str:  8    XL:     5   Next: 32%
Magic:  0/9        EV: 12    Int: 17    God:
Gold:   123        SH:  0    Dex: 15    Spells: 5/10 levels left

rFire    . . .     SeeInvis +   k - +2 falchion (elec)
rCold    . . .     Faith    .   (no shield)
rNeg     . . .     Spirit   .   j - +0 leather armour (curse)
rPois    .         Reflect  .   (no helmet)
rElec    .         Harm     .   (no cloak)
rCorr    .         Rampage  .   (no gloves)
MR       .....                  (no boots)
Stlth    ++........             (no amulet)
HPRegen  0.32/turn              (no ring)
MPRegen  0.11/turn              (no ring)

@: regenerating quickly
A: fangs 3, see invisible, unbreathing
a: Exsanguinate


You were on level 3 of the Dungeon.
You visited 1 branch of the dungeon, and saw 3 of its levels.

You collected 123 gold pieces.

Inventory:

Hand Weapons
 k - a +2 falchion of electrocution (weapon)
Armour
 a - a +0 robe
 j - a cursed +0 leather armour (worn)
 l - a +0 chain mail
Jewellery
 m - an uncursed ring of protection from magic {unknown}
Scrolls
 b - a scroll of random uselessness {unknown}
 c - a scroll of magic mapping {unknown}
 d - 3 scrolls of identify {unknown}
 f - a scroll of remove curse {unknown}
 g - a scroll of enchant armour {unknown}
 h - a scroll of blinking {unknown}
Potions
 e - a potion of flight {unknown}
 i - 2 potions of heal wounds {unknown}


   Skills:
 - Level 1.0 Fighting
 + Level 1.0 Armour
 - Level 2.3 Dodging
 - Level 3.0 Stealth
 + Level 3.2 Spellcasting
 + Level 5.9 Necromancy


You had 5 spell levels left.
You knew the following spells:

 Your Spells              Type           Power        Failure   Level
a - Pain                  Necr           ###.         1%          1
b - Animate Skeleton      Necr           ###...       1%          1
c - Vampiric Draining     Necr           ###.......   6%          3

Your spell library contained the following spells:

 Spells                   Type           Power        Failure   Level
 Animate Dead             Necr           ###.......   21%         4
 Agony                    Necr           ###.....     50%         5


Dungeon Overview and Level Annotations

Branches:
Dungeon (3/15)

Altars:
Gozag
Uskayaw


Innate Abilities, Weirdness & Mutations

Your natural rate of healing is unusually fast.
You have razor-sharp teeth.
You have supernaturally acute eyesight. (SInv)
You can survive without breathing.


Message History

Aim: an orc priest, wielding a +0 short sword and wearing a +0 scale mail The orc priest is severely wounded.
You feel life coursing into your body.
The orc priest invokes the aid of Beogh against you.
Pain shoots through your body!
* * * LOW HITPOINT WARNING * * *
Casting: Vampiric Draining (dangerous; 6% risk of failure)
Confirm with . or Enter, or press ? or * to list all spells.
You don't have enough magic to cast that spell.
Unknown command.
Casting: Vampiric Draining (dangerous; 6% risk of failure)
Confirm with . or Enter, or press ? or * to list all spells.
Aiming: Pain (safe; 1% risk of failure)
Press: ? - help, Shift-Dir - straight line, f/p - orc priest
Aim: an orc priest, wielding a +0 short sword and wearing a +0 scale mail (severely wounded, chance to defeat MR: 83%)
The orc priest writhes in agony.
Your orc skeleton hits the orc wizard but does no damage.
The orc priest calls down the wrath of Beogh upon you.
Beogh smites you!
You die...

##########
#.<.......
#.######## #.#
#.# #@#
#..######o#####
.....oo.oo....#
#.#.#####Z###.#
#.# ... #...
#####


You could see an orc priest, an orc wizard, an orc and a friendly orc skeleton.

Vanquished Creatures
  Terence (D:2)
  Natasha (thrice) (D:2)
  Robin (D:2)
  An adder (D:2)
  3 dart slugs
  A leopard gecko (D:1)
  2 orcs (D:3)
  6 bats
  4 giant cockroaches
  10 goblins
  3 hobgoblins
  A quokka (D:2)
  2 frilled lizards (D:1)
  4 kobolds
  4 rats
46 creatures vanquished.

Vanquished Creatures (collateral kills)
  2 goblins (D:2)
  A hobgoblin (D:2)
3 creatures vanquished.

Grand Total: 49 creatures vanquished

Notes
Turn   | Place    | Note
-------+----------+-------------------------------------------
     0 | D:1      | DogServant the Vampire Necromancer began the quest for the
                  | Orb.
     0 | D:1      | Reached XP level 1. HP: 13/13 MP: 3/3
   303 | D:1      | Reached XP level 2. HP: 18/19 MP: 1/5
   508 | D:1      | Reached skill level 5 in Necromancy
   853 | D:2      | Found an opulent altar of Gozag.
   875 | D:2      | Reached XP level 3. HP: 14/24 MP: 1/6
  1216 | D:2      | Noticed Natasha
  1233 | D:2      | Killed Natasha
  1301 | D:2      | Learned a level 1 spell: Animate Skeleton
  1305 | D:2      | Learned a level 3 spell: Vampiric Draining
  1313 | D:2      | Noticed Natasha
  1318 | D:2      | Reached XP level 4. HP: 30/31 MP: 4/8
  1326 | D:2      | Killed Natasha
  1326 | D:2      | Reached skill level 1 in Fighting
  1393 | D:2      | Noticed Robin
  1439 | D:2      | Noticed a +0 hand axe
  1439 | D:2      | Noticed a +0 dagger
  1441 | D:2      | Found a hide-covered altar of Uskayaw.
  1544 | D:2      | Killed Robin
  1775 | D:2      | Noticed Terence
  1779 | D:2      | Killed Terence
  1779 | D:2      | Reached XP level 5. HP: 19/37 MP: 0/9
  2038 | D:2      | Noticed Natasha
  2058 | D:2      | Killed Natasha
  2058 | D:2      | Reached skill level 1 in Armour
  2310 | D:3      | Killed from afar by an orc priest

Illustrated notes

Levels and vault maps discovered:
D:1:      dpeg_arrival_long_road, layout_rooms
D:2:      layout_loops_ring, dancing_weapons_uskayaw, old_standard_altar,
          uniq_natasha, uniq_terence, uniq_robin
D:3:      layout_loops_ring

Skill      XL: |  1  2  3  4  5 |
---------------+----------------+-----
Necromancy     | 5 |  5.9
Fighting       | 1 |  1.0
Spellcasting   | 3 |  3.2
Armour         | 1 |  1.0
Dodging        | |  2.3
Stealth        | |  3.0

Action                   |  1- 3 |  4- 6 || total
-------------------------+-------+-------++-------
Melee: Unarmed           |     5 |     8 ||    13
       Bite              |       |     1 ||     1
       Falchion          |       |     3 ||     3
 Cast: Pain              |    51 |    30 ||    81
       Vampiric Draining |       |     8 ||     8
       Animate Skeleton  |       |     3 ||     3
 Stab: Sleeping          |       |     1 ||     1
Armor: Robe              |     7 |     4 ||    11
       Leather armour    |       |     1 ||     1
Dodge: Dodged            |    14 |    26 ||    40
       Rpst.: Falchion   |       |     5 ||     5

Table legend: (Time is in decaauts)
 A = Elapsed time spent in this place.
 B = Non-inter-level travel time spent in this place.
 C = Inter-level travel time spent in this place.
 D = Time resting spent in this place.
 E = Time spent auto-exploring this place.
 F = Levels seen in this place.
 G = Mean time per level.
                   A        B        C        D        E       F      G
               +--------+--------+--------+--------+--------+-----+--------+
         Total |   2318 |   2250 |     68 |    877 |   1046 |   3 |  772.7 |
       Dungeon |   2318 |   2250 |     68 |    877 |   1046 |   3 |  772.7 |
               +--------+--------+--------+--------+--------+-----+--------+

Top non-repeatable levels by time:
     D:2: 1533 daAuts
     D:1: 764 daAuts
     D:3: 21 daAuts
